 Dungeon Crawl Stone Soup version 0.26.1-2-gb8aa6d0cf2 (webtiles) character file.

Game seed: 12326127079434044411

623 Alarak the Thaumaturge (level 7, -8/36 HPs)
             Began as a Deep Elf Conjurer on Feb 28, 2021.
             Mangled by 15bullets's ghost (10 damage)
             ... on level 3 of the Dungeon.
             The game lasted 00:12:21 (3772 turns).

Alarak the Thaumaturge (Deep Elf Conjurer)          Turns: 3772, Time: 00:12:22

Health: -8/36      AC:  2    Str: 10    XL:     7   Next: 22%
Magic:  11/20      EV: 13    Int: 25    God:
Gold:   207        SH:  0    Dex: 13    Spells: 12/22 levels left

rFire    . . .     SeeInvis .   (no weapon)
rCold    . . .     Faith    .   (no shield)
rNeg     . . .     Spirit   .   a - +0 robe
rPois    .         Reflect  .   (no helmet)
rElec    .         Harm     .   (no cloak)
rCorr    .         Rampage  .   (no gloves)
Will     .....                  (no boots)
Stlth    ++........             (no amulet)
HPRegen  0.12/turn              j - +6 ring of strength
MPRegen  0.17/turn              (no ring)

@: no status effects
A: no striking features
a: no special abilities


You were on level 3 of the Dungeon.
You visited 1 branch of the dungeon, and saw 3 of its levels.

You collected 207 gold pieces.

Inventory:

Armour
 a - a +0 robe (worn)
Jewellery
 j - a +6 ring of strength (left hand)
Wands
 g - a wand of random effects (12)
Scrolls
 b - 2 scrolls of remove curse
 e - 5 scrolls of identify {unknown}
 f - 2 scrolls of immolation
 i - a scroll of noise {unknown}
 k - a scroll of random uselessness
 n - a scroll of enchant weapon {unknown}
Potions
 c - a potion of heal wounds {unknown}
 d - 2 potions of curing {unknown}
 h - a potion of haste {unknown}
 l - a potion of ambrosia {unknown}
 m - a potion of degeneration {unknown}
 o - a potion of invisibility {unknown}


   Skills:
 - Level 2.4 Dodging
 - Level 2.4 Stealth
 - Level 8.0 Spellcasting
 + Level 5.1 Conjurations
 - Level 6.0 Hexes


You had 12 spell levels left.
You knew the following spells:

 Your Spells              Type           Power        Failure   Level
a - Magic Dart            Conj           100%         1%          1
b - Searing Ray           Conj           72%          1%          2
c - Dazzling Flash        Conj/Hex       76%          1%          3
d - Fulminant Prism       Conj/Hex       19%          6%          4

Your spell library contained the following spells:

 Spells                   Type           Power        Failure   Level
 Confusing Touch          Hex            40%          1%          3
 Gell's Gravitas          Tloc           5%           19%         3
 Iskenderun's Mystic Bla  Conj/Tloc      23%          21%         4
 Metabolic Englaciation   Hex/Ice        12%          43%         5
 Yara's Violent Unravell  Hex/Tmut       12%          43%         5
 Petrify                  Tmut/Erth      10%          52%         4


Dungeon Overview and Level Annotations

Branches:
Dungeon (3/15)

Altars:

Annotations:
D:3 1 runed translucent door, 15bullets's ghost, amateur TrMo


Message History

Your magical contamination has completely faded away.
Casting: Fulminant Prism (quite dangerous; 6% risk of failure)
Confirm with . or Enter, or press ? or * to list all spells.
Aiming: Searing Ray (safe; 1% risk of failure)
Press: ? - help, Shift-Dir - straight line, f - 15bullets's ghost
Aim: 15bullets's ghost (moderately damaged, 22% to evade)
Okay, then.
Okay, then.
Okay, then.
As you read the scroll labelled DAAGIY IFERAH, it crumbles to dust.
You feel blessed for a moment.
It was a scroll of remove curse. 15bullets's ghost misses you.
As you read the scroll labelled RYISHOOCUZ, it crumbles to dust.
The creatures around you are filled with an inner flame!
It was a scroll of immolation. 15bullets's ghost hits you!
* * * LOW HITPOINT WARNING * * *
As you read the scroll labelled JARO REMEX, it crumbles to dust.
Your brain hurts!
It was a scroll of random uselessness. 15bullets's ghost hits you!
You die...

...# ##.†'≈≈≈≈)≈≈≈≈+.......
...### #...#≈≈≈≈≈≈≈≈S#.......
.....#######...#############.....
........##........# #......
...####....##.....# #...... ####
##....#.....# #......
####.......# ##..... ###...W.#
##...# #...@.# ##### #.><).#
#.....# #######


You could see 15bullets's ghost (inner flame).

Vanquished Creatures
  Grinder (D:3)
  Sigmund (D:2)
  A bullfrog (D:3)
  A bullfrog skeleton (D:3)
  Terence (D:3)
  5 adders
  An ooze (D:1)
  A worm (D:2)
  2 dart slugs
  A leopard gecko (D:2)
  7 orcs (D:3)
  A ball python (D:3)
  3 giant cockroaches
  9 goblins
  7 hobgoblins
  14 jackals
  13 kobolds
  5 bats
  5 frilled lizards
  9 rats
88 creatures vanquished.

Vanquished Creatures (others)
  5 fulminant prisms (D:3)
5 creatures vanquished.

Grand Total: 93 creatures vanquished

Notes
Turn   | Place    | Note
-------+----------+-------------------------------------------
     0 | D:1      | Alarak the Deep Elf Conjurer began the quest for the Orb.
     0 | D:1      | Reached XP level 1. HP: 10/10 MP: 6/6
   262 | D:1      | Reached skill level 4 in Spellcasting
   262 | D:1      | Reached XP level 2. HP: 5/15 MP: 0/9
   346 | D:1      | Learned a level 2 spell: Searing Ray
  1427 | D:2      | Reached XP level 3. HP: 19/19 MP: 8/11
  1468 | D:2      | Learned a level 3 spell: Dazzling Flash
  1479 | D:2      | Reached skill level 5 in Spellcasting
  1729 | D:2      | Noticed Sigmund
  1742 | D:2      | Killed Sigmund
  1743 | D:2      | Reached skill level 8 in Spellcasting
  1743 | D:2      | Reached XP level 4. HP: 24/24 MP: 4/16
  1743 | D:2      | Reached XP level 5. HP: 28/28 MP: 4/17
  1748 | D:2      | Learned a level 4 spell: Fulminant Prism
  2117 | D:2      | Reached skill level 1 in Hexes
  2759 | D:3      | Noticed Grinder
  2768 | D:3      | Paralysed by Grinder for 3 turns
  2776 | D:3      | Reached XP level 6. HP: 32/32 MP: 10/19
  2797 | D:3      | Paralysed by Grinder for 7 turns
  2807 | D:3      | Killed Grinder
  2808 | D:3      | Reached skill level 5 in Hexes
  3048 | D:3      | Noticed Terence
  3069 | D:3      | Killed Terence
  3376 | D:3      | Reached XP level 7. HP: 31/36 MP: 12/20
  3530 | D:3      | Found a runed translucent door.
  3730 | D:3      | Found a runed translucent door.
  3749 | D:3      | Noticed 15bullets's ghost (amateur TrMo)
  3765 | D:3      | Reached skill level 5 in Conjurations
  3772 | D:3      | Mangled by 15bullets's ghost

Illustrated notes

Levels and vault maps discovered:
D:1:      minmay_arrival_jagged, layout_loops_corners, grunt_decor_resistance,
          skrybe_limestone_x
D:2:      cheibrodos_greedy_goblins, layout_loops_ring, uniq_sigmund
D:3:      layout_rooms, ebering_ghost_sewer_f, uniq_terence, uniq_grinder

Skill      XL: |  1  2  3  4  5  6  7 |
---------------+----------------------+-----
Spellcasting   | 4 8 |  8.0
Hexes          | 2 5 6 |  6.0
Conjurations   | 5 |  5.1
Dodging        | |  2.4
Stealth        | |  2.4

Action                   |  1- 3 |  4- 6 |  7- 9 || total
-------------------------+-------+-------+-------++-------
Melee: Unarmed           |     1 |       |       ||     1
 Cast: Magic Dart        |    31 |    24 |    15 ||    70
       Searing Ray       |    18 |    21 |     1 ||    40
       Fulminant Prism   |       |     2 |     3 ||     5
  Use: Scroll            |       |       |     3 ||     3
Armor: Robe              |     1 |     2 |       ||     3
Dodge: Dodged            |    12 |    13 |     9 ||    34
